 Dungeon Crawl Stone Soup version 0.31-a0-204-g7da18cac08 (webtiles) character file.

Game seed: 11197585654669557628

74 olmar the Covered (level 4, 0/40 HPs)
             Began as an Armataur Fighter on June 27, 2023.
             Slain by a quokka (2 damage)
             ... on level 2 of the Dungeon.
             The game lasted 00:01:39 (577 turns).

olmar the Covered (Armataur Fighter)                 Turns: 577, Time: 00:01:39

Health: 0/40       AC:  7    Str: 23    XL:     4   Next: 10%
Magic:  4/4        EV:  7    Int:  9    God:
Gold:   60         SH:  4    Dex:  9    Spells: 3/3 levels left

rFire   . . .        a - +0 flail
rCold   . . .        c - +0 buckler
rNeg    + . .        b - +0 scale mail
rPois   .            (no helmet)
rElec   .            (no cloak)
rCorr   .            (no gloves)
SInv    .            (no barding)
Will    .....        (no amulet) Stlth
                     e - ring of positive energy
HPRegen 0.26/turn    (no ring)
MPRegen 0.09/turn

%: roll
@: no status effects
A: large, rugged brown scales 3, deformed body, armoured tail, roll, long
tongue, awkward tongue
a: no special abilities


You were on level 2 of the Dungeon.
You visited 1 branch of the dungeon, and saw 2 of its levels.

You collected 60 gold pieces.

Inventory:

Hand Weapons
 a - a +0 flail (weapon)
Armour
 b - a +0 scale mail (worn)
 c - a +0 buckler (worn)
Jewellery
 e - a ring of positive energy (left hand)


   Skills:
 + Level 3.3 Fighting
 + Level 2.5 Maces & Flails
 + Level 4.2 Armour
 + Level 3.8 Shields


You had 3 spell levels left.
You didn't know any spells.
Your spell library was empty.

Dungeon Overview and Level Annotations

Branches:
Dungeon (1/15)

Altars:

Shops:
D:2 :

Annotations:
D:2 Robin


Innate Abilities, Weirdness & Mutations

You are completely covered in rugged brown scales. (AC +3, +7% HP)
Armour fits poorly on your strangely shaped body.
You have a long armoured tail.
You roll when moving toward enemies. (Rampage)
Your long tongue fully drains potion bottles. (2x potion effects)
Your tongue gives you trouble enunciating. (1.5x scroll delay)


Message History

The quokka bites you but does no damage.
You sock the goblin!
You kill the goblin!
You feel sick. Robin hits you but does no damage.
The quokka bites you but does no damage.
Robin hits you but does no damage.
Unknown command.
You feel sick.
You are no longer poisoned.
You see here a +0 dagger.
You closely miss the quokka.
Your tail-slap misses the quokka.
You block the quokka's attack. The quokka bites you.
* * * LOW HITPOINT WARNING * * *
Unknown command.
You roll towards the goblin!
You roll towards the goblin!
An endoplasm comes into view.
The goblin hits you but does no damage.
You sock the goblin!
You kill the goblin!
Unknown command.
You roll towards the endoplasm!
You roll towards the endoplasm!
You hit the endoplasm.
The endoplasm is almost dead.
The endoplasm closely misses you. Robin throws the goblin at you!
The goblin hits you with a +0 club.
* * * LOW HITPOINT WARNING * * *
You block the endoplasm's attack.
Unknown command.
The goblin no longer looks unusually strong.
The quokka bites you but does no damage.
The endoplasm hits you.
* * * LOW HITPOINT WARNING * * *
The quokka barely misses you. The hobgoblin attacks as you move away!
The hobgoblin hits you.
* * * LOW HITPOINT WARNING * * *
You aren't carrying any potions.
You aren't carrying any scrolls.
The quokka attacks as you move away! The quokka bites you.
You die...

......#####.g#.##.###g.###.#...##
.#.#........g#.######...#......##
.#.#.........#.# #..g...#......##
............#.###.####)#......##
.............)..)....)...........
.#..........J#.###.##..).........
..............S###.##.#.#..###.#.
#..##.......#gr...........# #.#.
.#........)†...g@..........# ####
................##..#...#..#
..........†.........#####..# ###
...........................####..
................###.####.........
....................# #.#####...
..............#.##..####.#####...
(.........#...#.##.............>†
....................####.>.......


You could see an endoplasm, a quokka, 2 hobgoblins and a ball python.

Vanquished Creatures
  Jessica (D:2)
  An adder (D:2)
  2 worms (D:2)
  A dart slug (D:1)
  4 ball pythons (D:2)
  2 endoplasms (D:2)
  9 goblins (D:2)
  2 hobgoblins (D:2)
  2 quokkas (D:2)
  3 bats
  2 frilled lizards
  2 kobolds (D:2)
31 creatures vanquished.

Notes
Turn   | Place    | Note
-------+----------+-------------------------------------------
     0 | D:1      | olmar the Armataur Fighter began the quest for the Orb.
     0 | D:1      | Reached XP level 1. HP: 19/19 MP: 1/1
    39 | D:1      | You fall into a shaft and drop 1 floor!
    47 | D:2      | Noticed Jessica
    60 | D:2      | Killed Jessica
    61 | D:2      | Reached skill level 4 in Armour
    61 | D:2      | Reached XP level 2. HP: 17/27 MP: 2/2
    61 | D:2      | Reached XP level 3. HP: 20/33 MP: 3/3
   508 | D:2      | Found Woojec's Book Shoppe.
   518 | D:2      | Noticed Robin
   558 | D:2      | Reached XP level 4. HP: 24/40 MP: 4/4
   573 | D:2      | HP: 2/40 [endoplasm (1)]
   577 | D:2      | Slain by a quokka

Illustrated notes

Levels and vault maps discovered:
D:1:      minmay_arrival_plants_in_alcoves, layout_basic,
          chequers_serial_rivers_marsh, minmay_3d_cube
D:2:      wad_river_or_something, layout_basic, serial_shops, shop, uniq_robin,
          uniq_jessica

Skill      XL: |  1 |
---------------+----+-----
Fighting       | 3 |  3.3
Maces & Flails | 2 |  2.5
Armour         | 4 |  4.2
Shields        | |  3.8

Action                     |  1- 3 |  4- 6 || total
---------------------------+-------+-------++-------
  Melee: Flail             |    66 |    11 ||    77
         Tailslap          |     5 |       ||     5
    Use: Potion            |     1 |       ||     1
 Armour: Scale mail        |    44 |    16 ||    60
  Dodge: Dodged            |    29 |     6 ||    35
  Block: Buckler           |    14 |     2 ||    16

Table legend: (Time is in decaauts)
 A = Elapsed time spent in this place.
 B = Non-inter-level travel time spent in this place.
 C = Inter-level travel time spent in this place.
 D = Time resting spent in this place.
 E = Time spent auto-exploring this place.
 F = Levels seen in this place.
 G = Mean time per level.
                   A        B        C        D        E       F      G
               +--------+--------+--------+--------+--------+-----+--------+
         Total |    600 |    600 |      0 |      0 |    341 |   2 |  300.0 |
       Dungeon |    600 |    600 |      0 |      0 |    341 |   2 |  300.0 |
               +--------+--------+--------+--------+--------+-----+--------+

Top non-repeatable levels by time:
     D:2: 560 daAuts
     D:1: 40 daAuts
